 Dungeon Crawl Stone Soup version 0.31-a0-221-gbddc013574 (webtiles) character file.

Game seed: 2384318343410274180

168 qw the Chopper (level 5, -3/32 HPs)
             Began as a Gargoyle Fighter on July 3, 2023.
             Slain by Edmund
             ... wielding a +0 flail of holy wrath
              (5 damage)
             ... on level 4 of the Dungeon.
             The game lasted 00:01:21 (3449 turns).

qw the Chopper (Gargoyle Fighter)                   Turns: 3449, Time: 00:01:21

Health: -3/32      AC: 12    Str: 19    XL:     5   Next: 48%
Magic:  5/5        EV:  9    Int:  9    God:
Gold:   174        SH:  4    Dex:  9    Spells: 4/4 levels left

rFire   . . .        Y - +0 war axe
rCold   . . .        c - +0 buckler
rNeg    + + .        b - +0 scale mail
rPois   inf          (no helmet)
rElec   +            (no cloak)
rCorr   .            h - +0 pair of gloves
SInv    .            (no boots)
Will    .....        (no amulet) Stlth
                     g - ring of positive energy
HPRegen 0.25/turn    (no ring)
MPRegen 0.09/turn

%: no passive effects
@: no status effects
A: sickness immunity, AC +4, negative energy resistance 1, electricity
resistance, torment resistance 1, petrification resistance, weak 1
a: no special abilities


You were on level 4 of the Dungeon.
You visited 1 branch of the dungeon, and saw 4 of its levels.

You collected 174 gold pieces.


Innate Abilities, Weirdness & Mutations

You are immune to sickness and miasma.
Your stone body is resilient. (AC +4)
You are immune to poison.
You resist negative energy. (rN+)
You are resistant to electric shocks. (rElec)
You are resistant to unholy torment.
You are immune to petrification.
You are weak. (Str -2)


   Skills:
 - Level 3.2 Fighting
 + Level 4.8 Axes
 - Level 1.0 Throwing
 - Level 3.2 Armour
 - Level 3.2 Shields


You had 4 spell levels left.
You didn't know any spells.
Your spell library was empty.

Inventory:

Hand Weapons
 a - a +2 whip of electrocution
 Y - a +0 war axe (weapon)
Missiles
 m - a javelin (quivered)
Armour
 b - a +0 scale mail (worn)
 c - a +0 buckler (worn)
 h - a +0 pair of gloves (worn)
Jewellery
 g - a ring of positive energy (left hand)
Scrolls
 k - a scroll of identify
 o - 3 scrolls of immolation {unknown}
Potions
 d - a potion of might
 e - a potion of haste
 f - a potion of lignification
 i - 2 potions of invisibility {unknown}
 j - 2 potions of curing
 l - a potion of attraction {unknown}
 n - 2 potions of mutation

Dungeon Overview and Level Annotations

Branches:
Dungeon (4/15)
 Temple: D:4-7

Altars:
Fedhas
Trog
Xom

Shops:
D:1 (([

Annotations:
D:1 exclusion: kobold
D:4 Edmund


Message History

Edmund is moderately wounded.
Edmund hits you but does no damage. x2
You completely miss Edmund.
Edmund is moderately wounded.
Edmund hits you with a +0 flail of holy wrath!
You hit Edmund but do no damage.
Edmund is moderately wounded.
You block Edmund's attack.
You barely miss Edmund.
Edmund is moderately wounded.
Edmund barely misses you.
You closely miss Edmund.
Edmund is moderately wounded.
Edmund hits you but does no damage. You block Edmund's attack.
You barely miss Edmund.
Edmund is moderately wounded.
Edmund hits you with a +0 flail of holy wrath.
You closely miss Edmund.
Edmund is moderately wounded.
Edmund barely misses you.
You hit Edmund.
Edmund is moderately wounded.
Edmund hits you with a +0 flail of holy wrath!
You block Edmund's attack.
You closely miss Edmund.
Edmund is moderately wounded.
Edmund hits you with a +0 flail of holy wrath.
You barely miss Edmund.
Edmund is moderately wounded.
Edmund closely misses you.
You slash Edmund!
Edmund is severely wounded.
Edmund hits you with a +0 flail of holy wrath!
You slash Edmund!
Edmund is almost dead.
Edmund closely misses you.
You closely miss Edmund.
Edmund is severely wounded.
Edmund hits you with a +0 flail of holy wrath.
You die...

.~~~~~.~~.~~. (..
............... ...
............... #..
...............
##..#.#..##...%.....
#### ((#..#..#####...###
.....#.#.##..# #.#..#
#..@#.##..### #.##.#
#.@.......###.##.##
......."###.#...........
####...## #.#.#...####.#
#.## #.#...### #.# #.
#.#..## #.# # #.....#
#.# #.###.# #.# ..
#.>##.# #># #.#
##..##.### #.#


You could see Edmund.

Vanquished Creatures
  2 orc priests (D:3)
  Jessica (D:3)
  2 adders (D:2)
  A worm (D:2)
  A dart slug (D:2)
  5 orcs (D:3)
  8 ball pythons
  4 bats
  4 endoplasms
  A giant cockroach (D:2)
  4 goblins
  2 hobgoblins
  4 jackals
  8 kobolds
  3 quokkas
  2 frilled lizards
  7 rats
59 creatures vanquished.

Notes
Turn   | Place    | Note
-------+----------+-------------------------------------------
     0 | D:1      | qw the Gargoyle Fighter began the quest for the Orb.
     0 | D:1      | Reached XP level 1. HP: 14/14 MP: 1/1
     0 | D:1      | 0 ||| qw: Version: 0.3-a-40-ge99b1a8
     0 | D:1      | 0 ||| qw: Game counter: 589
     0 | D:1      | 0 ||| qw: Melee chars always use a shield: true
     0 | D:1      | 0 ||| qw: God list: Okawaru
     0 | D:1      | 0 ||| qw: Allow faded altars: false
     0 | D:1      | 0 ||| qw: Do Orc after clearing Dungeon:15 true
     0 | D:1      | 0 ||| qw: Do second Lair branch before Depths: true
     0 | D:1      | 0 ||| qw: Lair rune preference: random
     0 | D:1      | 0 ||| qw: Goals: Normal, Zot:1-4, Slime:5, God:TSO, Crypt,
                  | Tomb, Abyss, Pan, Hells, Win
     0 | D:1      | 0 ||| PLANNING D:1-11
    32 | D:1      | Found Luyfibot's Weapon Shop.
    46 | D:1      | 46 ||| SHOPLISTING +0 club (14 gold, have 7).
    74 | D:1      | Reached skill level 2 in Axes
   153 | D:1      | Found Joicsoumn's Antique Weapon Emporium.
   160 | D:1      | 160 ||| SHOPLISTING club (28 gold, have 14).
   176 | D:1      | Found Kiennon's Armour Emporium.
   196 | D:1      | 196 ||| SHOPLISTING +0 helmet (54 gold, have 25).
   196 | D:1      | 196 ||| SHOPLISTING +0 pair of gloves (54 gold, have 25).
   196 | D:1      | 196 ||| SHOPLISTING +1 troll leather armour (264 gold, have
                  | 25).
   315 | D:1      | Reached XP level 2. HP: 19/19 MP: 2/2
   333 | D:1      | 333 ||| READING scroll labelled BEDY ICIOTH.
   680 | D:1      | 680 ||| READING scroll labelled SEX TOUJAU.
   681 | D:1      | 681 ||| READING scroll labelled IRABEGRYFF.
   682 | D:1      | 682 ||| DRINKING 2 dark potions.
   727 | D:2      | 727 ||| DROPPING +0 club.
   765 | D:2      | 765 ||| Stepping ~*~*~tactically~*~*~ (hiding).
   773 | D:2      | 773 ||| Stepping ~*~*~tactically~*~*~ (stealth).
   953 | D:2      | Reached skill level 3 in Axes
   953 | D:2      | Reached XP level 3. HP: 23/23 MP: 3/3
  1000 | D:2      | 1000 ||| Stepping ~*~*~tactically~*~*~ (stealth).
  1138 | D:2      | 1138 ||| Stepping ~*~*~tactically~*~*~ (stealth).
  1155 | D:2      | 1155 ||| UPGRADING to +0 pair of gloves.
  1160 | D:2      | 1160 ||| UPGRADING to ring of positive energy.
  1163 | D:2      | 1163 ||| STAIRDANCE
  1182 | D:2      | 1182 ||| FLEEEEING.
  1183 | D:2      | 1183 ||| FLEEEEING.
  1184 | D:2      | 1184 ||| FLEEEEING.
  1185 | D:2      | 1185 ||| STAIRDANCE
  1193 | D:2      | 1193 ||| STAIRDANCE
  1197 | D:2      | 1197 ||| STAIRDANCE
  1201 | D:2      | 1201 ||| STAIRDANCE
  1205 | D:2      | 1205 ||| STAIRDANCE
  1209 | D:2      | 1209 ||| STAIRDANCE
  1213 | D:2      | 1213 ||| STAIRDANCE
  1217 | D:2      | 1217 ||| STAIRDANCE
  1221 | D:2      | 1221 ||| STAIRDANCE
  1225 | D:2      | 1225 ||| STAIRDANCE
  1229 | D:2      | 1229 ||| STAIRDANCE
  1240 | D:2      | 1240 ||| STAIRDANCE
  1244 | D:2      | 1244 ||| STAIRDANCE
  1248 | D:2      | 1248 ||| STAIRDANCE
  1252 | D:2      | 1252 ||| STAIRDANCE
  1256 | D:2      | 1256 ||| STAIRDANCE
  1260 | D:2      | 1260 ||| STAIRDANCE
  1264 | D:2      | 1264 ||| STAIRDANCE
  1268 | D:2      | 1268 ||| STAIRDANCE
  1349 | D:1      | Found a faded altar of an unknown god.
  1384 | D:1      | 1384 ||| READING scroll labelled DAVOSKELIT.
  2178 | D:2      | 2178 ||| READING 2 scrolls of identify.
  2178 | D:2      | 2178 ||| IDENTIFYING amethyst potion
  2224 | D:3      | Noticed Jessica
  2228 | D:3      | Killed Jessica
  2229 | D:3      | Reached skill level 4 in Axes
  2229 | D:3      | Reached XP level 4. HP: 26/28 MP: 4/4
  2275 | D:3      | 2275 ||| Stepping ~*~*~tactically~*~*~ (stealth).
  2276 | D:3      | 2276 ||| Stepping ~*~*~tactically~*~*~ (stealth).
  2326 | D:3      | Identified the +1 robe "Zofeecu" {+Inv Str+9 Stlth-}
  2598 | D:3      | 2598 ||| Stepping ~*~*~tactically~*~*~ (hiding).
  2949 | D:3      | Found a bloodstained altar of Trog.
  2949 | D:3      | Found a shimmering altar of Xom.
  2953 | D:3      | Reached skill level 1 in Throwing
  2960 | D:3      | Found a blossoming altar of Fedhas.
  2962 | D:3      | 2962 ||| Stepping ~*~*~tactically~*~*~ (hiding).
  2975 | D:3      | Reached XP level 5. HP: 29/32 MP: 5/5
  2985 | D:3      | HP: 8/32 [orc priest/+0 falchion (1)]
  3078 | D:3      | Found a faded altar of an unknown god.
  3081 | D:3      | Found a faded altar of an unknown god.
  3169 | D:3      | 3169 ||| READING scroll labelled UMASAH TOA.
  3173 | D:3      | 3173 ||| DRINKING 3 lumpy dark potions.
  3173 | D:3      | Gained mutation: You are weak. (Str -2) [potion of
                  | mutation]
  3174 | D:3      | 3174 ||| READING 3 scrolls of identify.
  3174 | D:3      | 3174 ||| IDENTIFYING viscous silvery potion
  3175 | D:3      | 3175 ||| READING 2 scrolls of identify.
  3175 | D:3      | 3175 ||| IDENTIFYING blue potion
  3176 | D:3      | 3176 ||| DROPPING potion of brilliance.
  3286 | D:4      | 3286 ||| Stepping ~*~*~tactically~*~*~ (hiding).
  3288 | D:4      | 3288 ||| Stepping ~*~*~tactically~*~*~ (hiding).
  3431 | D:4      | Noticed Edmund
  3445 | D:4      | HP: 8/32 [Edmund/+0 flail of holy wrath (4)]
  3447 | D:4      | HP: 1/32 [Edmund/+0 flail of holy wrath (8)]
  3449 | D:4      | Slain by Edmund

Levels and vault maps discovered:
D:1:      psy_arrival_basics, layout_basic, ebering_ecumenical_altar_mist,
          serial_shops, shop, nicolae_shop_tiny_statue_garden,
          nicolae_shop_stone, minmay_octomino_e4
D:2:      layout_basic, serial_rivers, chequers_serial_rivers_small_3,
          chequers_serial_rivers_micro_a, chequers_serial_rivers_micro_d,
          chequers_serial_rivers_micro_e, chequers_serial_rivers_small_3,
          chequers_serial_rivers_small_b
D:3:      layout_loops_cross, chequers_temple_overflow_minitemple, uniq_jessica
D:4:      minmay_goblin_kobold_castle, layout_rooms, uniq_duvessa, uniq_edmund,
          uniq_robin

Skill      XL: |  1  2  3  4 |
---------------+-------------+-----
Axes           | 2 3 4 |  4.8
Throwing       | 1 |  1.0
Fighting       | |  3.2
Armour         | |  3.2
Shields        | |  3.2

Action                     |  1- 3 |  4- 6 || total
---------------------------+-------+-------++-------
  Melee: War axe           |   116 |    71 ||   187
  Throw: Javelin           |       |    19 ||    19
    Use: Scroll            |     5 |     3 ||     8
         Potion            |     1 |     1 ||     2
 Armour: Scale mail        |    69 |    19 ||    88
  Dodge: Dodged            |    59 |    19 ||    78
  Block: Buckler           |    20 |     9 ||    29

Table legend:
 A = Non-vault XP
 B = Vault XP
 C = Vault XP percentage of total XP
 D = Non-vault monster count
 E = Vault monster count
 F = Vault count percentage of total count
                 A         B        C        D         E       F
            +---------+---------+-------+---------+---------+-------
      Total |     197 |      43 |  17.9 |      54 |       5 |   8.5
            +---------+---------+-------+---------+---------+-------
        D:1 |      14 |       6 |  30.0 |       8 |       4 |  33.3
        D:2 |      60 |       0 |   0.0 |      22 |       0 |   0.0
        D:3 |     118 |      37 |  23.9 |      21 |       1 |   4.5
        D:4 |       5 |       0 |   0.0 |       3 |       0 |   0.0
            +---------+---------+-------+---------+---------+-------
